Map: Echo LE (Void)

Players

VeNTuRe - Winner!

  • Race: Protoss Protoss
  • League: Master
  • Spawn Location: 5:00

Musumeci

  • Race: Zerg Zerg
  • League: Diamond
  • Spawn Location: 11:00

VOD

Have the link to the VOD?

Description

Time

  • Played on: Jan. 2, 2017, 6:17 a.m.
  • Length: 11:56
Show
View Real Time Build Order
Export as new Build Order

VeNTuRe Protoss - Winner!

Build Orders: Zealot Archon, Dark Templar Rush 

Get SALT Encoding   

  12  0:01  Probe (Chrono Boost)  
  13  0:12  Probe (Chrono Boost)  
  14  0:19  Pylon  
  14  0:22  Probe (Chrono Boost)  
  15  0:37  Probe (Chrono Boost)  
  15  0:38  Gateway  
  16  0:48  Assimilator, Probe (Chrono Boost)  
  17  0:58  Probe (Chrono Boost)  
  18  1:13  Probe (Chrono Boost)  
  19  1:45  Nexus  
  19  1:48  Cybernetics Core  
  19  1:50  Probe (Chrono Boost)  
  20  1:58  Assimilator  
  20  1:59  Pylon  
  20  2:00  Probe (Chrono Boost)  
  21  2:11  Probe (Chrono Boost)  
  22  2:21  Adept  
  23  2:22  Probe (Chrono Boost)  
  23  2:25  Warp Gate  
  27  2:37  Mothership Core (Chrono Boost)  
  27  2:45  Adept  
  29  2:57  Probe x2 (Chrono Boost)  
  31  3:07  Twilight Council, Probe (Chrono Boost)  
  31  3:09  Probe (Chrono Boost)  
  33  3:18  Probe (Chrono Boost)  
  33  3:19  Probe (Chrono Boost)  
  35  3:28  Probe (Chrono Boost)  
  35  3:30  Probe (Chrono Boost)  
  37  3:34  Robotics Facility  
  37  3:39  Probe (Chrono Boost)  
  37  3:40  Probe (Chrono Boost)  
  39  3:49  Dark Shrine, Probe (Chrono Boost)  
  39  3:51  Probe (Chrono Boost)  
  41  4:00  Probe (Chrono Boost)  
  41  4:01  Probe (Chrono Boost)  
  43  4:06  Gateway  
  43  4:08  Gateway  
  43  4:10  Gateway, Probe (Chrono Boost)  
  43  4:11  Pylon  
  43  4:12  Probe (Chrono Boost)  
  43  4:17  Pylon  
  45  4:24  Warp Prism  
  46  4:28  Probe (Chrono Boost)  
  46  4:29  Probe (Chrono Boost)  
  49  4:32  Assimilator  
  49  4:34  Assimilator  
  49  4:40  Probe (Chrono Boost)  
  50  4:46  Probe (Chrono Boost)  
  52  4:53  Probe (Chrono Boost)  
  52  4:56  Probe (Chrono Boost)  
  52  4:59  Nexus  
  53  5:02  Pylon  
  53  5:19  Probe (Chrono Boost)  
  54  5:22  Probe (Chrono Boost), Immortal  
  54  5:25  Dark Templar x4  
  67  5:43  Pylon  
  67  5:45  Pylon  
  65  6:04  Zealot x2  
  65  6:05  Zealot x2  
  69  6:26  Gateway  
  69  6:27  Gateway  
  69  6:29  Gateway  
  69  6:32  Archon  
  69  6:39  Zealot  
  71  6:45  Gateway  
  71  6:47  Gateway  
  71  6:49  Gateway, Probe x2 (Chrono Boost)  
  73  6:59  Pylon  
  73  7:00  Probe (Chrono Boost)  
  74  7:12  Robotics Facility  
  72  7:39  Pylon  
  72  7:42  Pylon  
  69  7:44  Pylon  
  66  7:57  Pylon, Immortal  
  70  8:06  Pylon  
  70  8:24  Zealot x5  
  80  8:28  Sentry  
  82  8:43  Pylon  
  82  8:45  Observer, Pylon  
  82  8:47  Pylon, Probe (Chrono Boost)  
  85  8:48  Probe (Chrono Boost)  
  85  9:00  Probe (Chrono Boost)  
  86  9:03  Sentry  
  86  9:04  Sentry x4  
  86  9:06  Stalker  
  98  9:16  Assimilator  
  98  9:18  Assimilator  
  98  9:25  Pylon  
  98  9:29  Stalker  
  98  9:30  Stalker x5  
  110  9:50  Stalker  
  102  10:00  Stalker x3  
  102  10:01  Stalker x3  
  102  10:02  Observer  
  102  10:04  Probe (Chrono Boost)  
  116  10:16  Twilight Council  
  116  10:20  Stalker  
  118  10:40  Pylon  
  116  10:53  Stalker  
  118  11:01  Stalker x4  
  122  11:15  Pylon  
  102  11:33  Stalker  
  102  11:34  Stalker x3  
  102  11:39  Stalker  
  107  11:40  Stalker  
Show
View Real Time Build Order
Export as new Build Order

Musumeci Zerg 

Build Orders: Hatch First 

Get SALT Encoding   

  12  0:00  Drone  
  13  0:08  Drone  
  14  0:14  Extractor  
  14  0:16  Drone  
  15  0:40  Hatchery  
  14  0:46  Drone, Extractor  
  15  1:14  Extractor  
  15  1:15  Drone, Extractor  
  14  1:20  Spawning Pool, Drone  
  14  1:25  Overlord  
  16  1:49  Drone x3  
  19  1:55  Drone, Extractor  
  19  2:13  Drone x3  
  19  2:14  Queen x2  
  26  2:26  Drone x2  
  28  2:40  Overlord  
  28  2:42  Overlord  
  28  2:59  Zergling x4  
  28  3:05  Lair  
  30  3:06  Drone  
  30  3:07  Hatchery  
  30  3:09  Drone  
  30  3:10  Drone  
  32  3:14  Drone  
  33  3:21  Drone x2  
  34  3:45  Drone x6, Extractor  
  39  3:48  Roach Warren  
  39  3:49  Extractor  
  39  3:52  Drone  
  39  3:54  Drone  
  39  4:00  Drone  
  40  4:10  Nydus Network  
  40  4:11  Drone x3  
  40  4:12  Drone  
  40  4:13  Drone  
  44  4:21  Drone x3  
  47  4:26  Drone  
  47  4:27  Drone  
  47  4:30  Overlord  
  49  4:42  Overlord x3  
  49  4:50  Roach x4  
  57  4:55  Metabolic Boost  
  57  4:56  Overlord  
  57  5:11  Roach  
  57  5:12  Roach x6  
  71  5:14  Zergling x2  
  71  5:18  Roach x2  
  71  5:20  Zergling x2  
  77  5:25  Nydus Canal  
  77  5:39  Nydus Canal  
  73  5:45  Overseer  
  68  5:52  Overseer, Spore Crawler  
  55  6:18  Zergling x18  
  57  6:19  Zergling x2  
  65  6:34  Zergling x2  
  65  6:35  Zergling x4  
  65  6:59  Nydus Canal  
  45  7:49  Roach x8  
  45  7:50  Roach  
  47  8:04  Evolution Chamber  
  44  8:08  Zergling x2  
  44  8:09  Zergling x4  
  46  8:32  Queen  
  46  8:33  Queen x2  
  52  8:37  Overseer  
  52  8:43  Drone x9  
  61  8:57  Ravager x9  
  61  8:59  Overlord x3  
  70  9:20  Zergling x12  
  76  9:27  Drone  
  76  9:28  Drone x2  
  76  9:29  Extractor  
  54  9:55  Roach x8  
  54  9:56  Roach x4  
  61  10:16  Roach  
  61  10:17  Roach x2  
  59  10:41  Ravager x7  
Tags
 
Composition
Zealot Archon
Matchup
PvZ
Replay Pack
replay pack
Spawn Locations
Cross Positions
Add a new tag
Caveats
  • Supply blocks, unpowered buildings, or Contaminate may cause inaccurate times.
  • Supply counts are checked every 10 seconds.